 Dungeon Crawl Stone Soup version 0.26.1-2-gb8aa6d0cf2 (webtiles) character file.

Game seed: 2197503049105852533

112 Martska the Chucker (level 4, -2/48 HPs)
             Began as an Ogre Hunter on Mar 13, 2021.
             Slain by an adder (3 damage)
             ... on level 3 of the Dungeon.
             The game lasted 00:03:41 (3276 turns).

Martska the Chucker (Ogre Hunter)                   Turns: 3276, Time: 00:03:42

Health: -2/48      AC:  4    Str: 17    XL:     4   Next: 95%
Magic:  4/4        EV: 10    Int: 12    God:
Gold:   112        SH:  0    Dex:  9    Spells: 3/3 levels left

rFire    . . .     SeeInvis .   p - +0 club
rCold    . . .     Faith    .   (no shield)
rNeg     . . .     Spirit   .   b - +1 robe
rPois    .         Reflect  .   (helmet restricted)
rElec    .         Harm     .   (no cloak)
rCorr    .         Rampage  .   (gloves unavailable)
Will     .....                  (boots unavailable)
Stlth    +.........             (no amulet)
HPRegen  0.16/turn              (no ring)
MPRegen  0.09/turn              (no ring)

@: lethally poisoned (-2 -> -4)
A: large, unfitting armour, tough skin 1
a: no special abilities


You were on level 3 of the Dungeon.
You visited 1 branch of the dungeon, and saw 3 of its levels.

You collected 112 gold pieces.

Inventory:

Hand Weapons
 a - a +0 short sword
 p - a +0 club (weapon)
Missiles
 d - a throwing net (quivered)
Armour
 b - a +1 robe (worn)
Wands
 n - a wand of polymorph (11)
Scrolls
 f - a scroll of remove curse
 i - 4 scrolls of identify {unknown}
 m - a scroll of teleportation {unknown}
 o - a scroll of enchant armour
 q - a scroll of magic mapping {unknown}
 s - a scroll of enchant weapon {unknown}
 t - a scroll of amnesia {unknown}
Potions
 g - 2 potions of degeneration {unknown}
 j - 2 potions of might {unknown}
 k - a potion of heal wounds
 l - 2 potions of curing {unknown}
 r - a potion of brilliance {unknown}


   Skills:
 * Level 4.1 Fighting
 * Level 1.2 Maces & Flails
 * Level 4.7 Throwing
 * Level 2.7 Dodging
 - Level 0.6 Stealth


You had 3 spell levels left.
You didn't know any spells.
Your spell library was empty.

Dungeon Overview and Level Annotations

Branches:
Dungeon (3/15)

Altars:
Ashenzari
Cheibriados
Kikubaaqudgha
Makhleb
Qazlal
Wu Jian
Zin


Innate Abilities, Weirdness & Mutations

You are too large for most types of armour.
You have tough skin. (AC +1)


Message History

The adder bites you but does no damage. The adder bites you.
* * * LOW HITPOINT WARNING * * *
You closely miss the goblin.
The adder seems to regain its courage.
The bat hits you but does no damage. The adder closely misses you.
The adder bites you but does no damage. The goblin closely misses you.
The bat barely misses you.
You hit the goblin.
The goblin is severely wounded.
* * * LOW HITPOINT WARNING * * *
You feel sick. The bat hits you but does no damage. The bat barely misses you.
The adder bites you.
* * * LOW HITPOINT WARNING * * *
The adder bites you but does no damage. The goblin barely misses you.
The adder bites you but does no damage. The adder closely misses you.
You barely miss the goblin.
The goblin is severely wounded.
The gnoll seems to regain its courage.
The bat hits you but does no damage. The bat barely misses you.
The gnoll barely misses you. The adder bites you but does no damage.
The adder bites you.
You die...

......
##..#####........#
...##.
##.(##....###...#
... ##....##.# .#
##(.####.# ..#
..(.....#.###...#
...##.(.#....g.g..#
... ......g.g..####
.. ####.#S.S...# .
#..b@g...#
###..........
###.^......
####..... #....
.... ...


You could see 4 gnolls, 2 adders, a goblin and a bat (inner flame).

Vanquished Creatures
  Jessica (D:2)
  4 adders
  A worm (D:2)
  2 leopard geckos
  4 giant cockroaches
  A goblin (D:1)
  6 hobgoblins
  6 jackals
  3 quokkas
  6 bats
  5 frilled lizards
  2 kobolds
  3 rats (D:1)
44 creatures vanquished.

Notes
Turn   | Place    | Note
-------+----------+-------------------------------------------
     0 | D:1      | Martska the Ogre Hunter began the quest for the Orb.
     0 | D:1      | Reached XP level 1. HP: 22/22 MP: 1/1
   715 | D:1      | Reached XP level 2. HP: 19/31 MP: 2/2
  1746 | D:2      | Reached XP level 3. HP: 26/37 MP: 3/3
  1952 | D:2      | Found a burning altar of Makhleb.
  2036 | D:2      | Noticed Jessica
  2038 | D:2      | Killed Jessica
  2131 | D:2      | Reached XP level 4. HP: 38/48 MP: 4/4
  2285 | D:2      | Found a stormy altar of Qazlal.
  2303 | D:2      | Reached skill level 1 in Maces & Flails
  2395 | D:2      | Found a broken altar of Ashenzari.
  2400 | D:2      | Found a glowing silver altar of Zin.
  3012 | D:3      | Found a snail-covered altar of Cheibriados.
  3012 | D:3      | Found an ornate altar of the Wu Jian Council.
  3045 | D:3      | Found an ancient bone altar of Kikubaaqudgha.
  3275 | D:3      | HP: 1/48 [adder (2)]
  3276 | D:3      | Slain by an adder

Illustrated notes

Levels and vault maps discovered:
D:1:      minmay_arrival_wavy_path, layout_basic, minivault_27,
          kennysheep_small_spiral, minivault_5
D:2:      layout_basic, old_standard_altar, minitemple, uniq_jessica
D:3:      layout_rooms, grunt_temple_overflow_open

Skill      XL: |  1  2  3  4 |
---------------+-------------+-----
Fighting       | 3 4 |  4.1
Dodging        | 2 |  2.7
Maces & Flails | 1 |  1.2
Throwing       | |  4.7
Stealth        | |  0.6

Action                   |  1- 3 |  4- 6 || total
-------------------------+-------+-------++-------
Melee: Short sword       |   112 |       ||   112
       Club              |     8 |    81 ||    89
Throw: Large rock        |    11 |    16 ||    27
       Throwing net      |       |     1 ||     1
  Use: Potion            |     2 |       ||     2
       Scroll            |       |     4 ||     4
 Stab: Sleeping          |     2 |       ||     2
Armor: Robe              |    29 |    73 ||   102
       Skin              |    14 |       ||    14
Dodge: Dodged            |    74 |    98 ||   172
